 Dungeon Crawl Stone Soup version 0.28.0-45-g0d030f2227 (webtiles) character file.

Game seed: 10980361253747360098

473 pkoi the Twirler (level 6, -3/51 HPs)
             Began as a Demigod Gladiator on Apr 13, 2022.
             Shot with an arrow by a centaur (10 damage)
             ... on level 6 of the Dungeon.
             The game lasted 00:05:50 (6055 turns).

pkoi the Twirler (Demigod Gladiator)                Turns: 6055, Time: 00:05:51

Health: -3/51      AC:  5    Str: 15    XL:     6   Next: 53%
Magic:  10/10      EV: 12    Int: 18    God:
Gold:   252        SH:  0    Dex: 15    Spells: 6/7 levels left

rFire   . . .      SeeInvis .   a - +1 quarterstaff
rCold   . . .      Faith    .   (shield currently unavailable)
rNeg    . . .      Spirit   .   b - +0 leather armour
rPois   .          Reflect  .   c - +0 helmet
rElec   .          Harm     .   (no cloak)
rCorr   .          Rampage  .   h - +0 pair of gloves
Will    .....                   (no boots)
Stlth   +.........              (no amulet)
HPRegen 0.17/turn               (no ring)
MPRegen 0.12/turn               (no ring)

@: weak-willed
A: high MP 1, forlorn, divine attributes
a: no special abilities


You were on level 6 of the Dungeon.
You visited 1 branch of the dungeon, and saw 6 of its levels.

You collected 252 gold pieces.

Inventory:

Hand Weapons
 a - a +1 quarterstaff (weapon)
 f - a +2 dagger of draining
 x - a +1 dagger of venom
Missiles
 d - 3 throwing nets (quivered)
 e - 10 javelins
 j - 2 boomerangs
 r - 138 stones
Armour
 b - a +0 leather armour (worn)
 c - a +0 helmet (worn)
 h - a +0 pair of gloves (worn)
Jewellery
 k - a +6 ring of dexterity
Wands
 u - a wand of acid (4)
 v - a wand of iceblast (10)
Scrolls
 m - a scroll of teleportation
Potions
 g - a potion of heal wounds
 n - a potion of lignification
 p - 2 potions of curing
 q - a potion of degeneration
 t - a potion of attraction


   Skills:
 - Level 3.0 Fighting
 * Level 5.0 Staves
 - Level 1.7 Throwing
 + Level 1.6 Armour
 - Level 3.2 Dodging
 + Level 1.4 Spellcasting
 + Level 1.4 Earth Magic
 + Level 1.7 Evocations


You had 6 spell levels left.
You knew the following spells:

 Your Spells              Type           Power      Damage    Failure   Level
a - Sandblast             Erth           12%        2d6       13%         1

Your spell library contained the following spells:

 Spells                   Type           Power      Damage    Failure   Level
 Passwall                 Tmut/Erth      2%         N/A       26%         2
 Stone Arrow              Conj/Erth      6%         3d7       45%         3


Dungeon Overview and Level Annotations

Branches:
Dungeon (6/15)             Temple (0/1) D:5

Shops:
D:3 [

Annotations:
D:6 Maggie


Innate Abilities, Weirdness & Mutations

You have an increased reservoir of magic. (+10% MP)
You shall have no god before yourself.
Your divine heritage dramatically boosts your attributes as you level up.


Message History

Blink to where?
Press: ? - help, Dir - move target
As you read the scroll labelled VITAOR TI JID, it crumbles to dust.
It was a scroll of blinking.
As you read the scroll labelled OKUHAB COEGRAS, it crumbles to dust.
Magic quickly surges around you.
It was a scroll of vulnerability.
As you read the scroll labelled SIOMUE OCIARPH, it crumbles to dust.
You feel strangely unstable.
It was a scroll of teleportation.
Your surroundings suddenly seem different.
As you read the scroll labelled LIDISH KELI, it crumbles to dust.
It is a scroll of identify.
t - a potion of attraction
As you read the scroll of identify, it crumbles to dust.
q - a potion of degeneration
As you read the scroll of identify, it crumbles to dust.
n - a potion of lignification A centaur comes into view.
As you read the scroll of identify, it crumbles to dust.
g - a potion of heal wounds The centaur shouts!
The centaur wields a +0 shortbow.
The centaur shoots an arrow.
The arrow hits you.
Maggie the Vainglorious comes into view.
She is wielding a +0 morningstar and carrying a wand of acid (5).
The centaur shoots an arrow.
The arrow barely misses you.
You start resting.
A centaur is nearby!
The centaur shoots an arrow.
The arrow hits you!
You hear an angry hiss.
The centaur shoots an arrow.
The arrow hits you.
* * * LOW HITPOINT WARNING * * *
The centaur shoots an arrow.
The arrow hits you.
* * * LOW HITPOINT WARNING * * *
The centaur shoots an arrow.
The arrow hits you!
* * * LOW HITPOINT WARNING * * *
The centaur shoots an arrow.
The arrow hits you!
* * * LOW HITPOINT WARNING * * *
The centaur shoots an arrow.
The arrow hits you.
* * * LOW HITPOINT WARNING * * *
The centaur shoots an arrow.
The arrow hits you!
You die...

,,,,,,,,,,,......* **,,,,,,,,,,
**,*****,*,#.##.#######,,********
*,,,,,,,,,#.##.c......,,*
*********,#.....#******,*
#...####.# *,* #..#* #.# *,* #.#*
#.# *,****** #.* #.#
****,,,,,,*** #,* **#@#
*,,,,****,,,, *,* #...#
*,*****,,,*** *,* #.### *,*
*,,***,, *,* #.* *,* *,**,,,, *,*
#,* *,* *,*,,,** *,* *,******,*
*,*,,**, *,* *,,,,,,*,****,*,,*,,
*,* ******,*,,,,,,**,*,, *,*
*,******,,*,,,,


You could see a centaur.

Vanquished Creatures
  2 ogres
  A howler monkey (D:5)
  A jelly (D:5)
  A bullfrog skeleton (D:5)
  An iguana (D:5)
  An orc wizard (D:5)
  A hound skeleton (D:2)
  4 adders
  A white imp (D:5)
  An ufetubus (D:4)
  An adder skeleton (D:5)
  2 worms
  2 dart slugs
  3 orcs
  6 ball pythons
  11 endoplasms
  2 giant cockroaches (D:4)
  12 goblins
  7 hobgoblins
  3 quokkas (D:3)
  7 bats
  3 frilled lizards
  7 kobolds
  3 rats
83 creatures vanquished.

Notes
Turn   | Place    | Note
-------+----------+-------------------------------------------
     0 | D:1      | pkoi the Demigod Gladiator began the quest for the Orb.
     0 | D:1      | Reached XP level 1. HP: 17/17 MP: 3/3
   307 | D:1      | Reached skill level 3 in Staves
   577 | D:1      | Reached XP level 2. HP: 24/24 MP: 4/4
  1400 | D:2      | Reached XP level 3. HP: 27/29 MP: 5/5
  2058 | D:3      | Found Luqaerieg's Armour Boutique.
  2134 | D:3      | Noticed a sky beast
  2914 | D:3      | Reached skill level 4 in Staves
  3169 | D:3      | Reached XP level 4. HP: 37/37 MP: 6/6
  3523 | D:4      | Learned a level 1 spell: Sandblast
  3660 | D:4      | Noticed an ogre
  3668 | D:4      | Killed an ogre
  3669 | D:4      | Reached skill level 1 in Armour
  3669 | D:4      | Reached XP level 5. HP: 30/44 MP: 6/8
  4005 | D:4      | Reached skill level 1 in Evocations
  4173 | D:5      | Entered Level 5 of the Dungeon
  4511 | D:5      | Found a staircase to the Ecumenical Temple.
  5263 | D:5      | Reached skill level 1 in Spellcasting
  5263 | D:5      | Reached skill level 1 in Earth Magic
  5263 | D:5      | Reached XP level 6. HP: 49/51 MP: 8/10
  5781 | D:5      | Reached skill level 5 in Staves
  6046 | D:6      | Noticed Maggie
  6055 | D:6      | Shot with an arrow by a centaur

Illustrated notes

Levels and vault maps discovered:
D:1:      saegor_arrival_fortress, layout_basic,
          shapermc_ecumenical_altar_notcrosses
D:2:      layout_rooms
D:3:      kennysheep_six_static_rooms, layout_rooms, lemuel_round_altar,
          serial_shops, shop, minivault_27,
          wander_ebering_terrifying_dragon_lair
D:4:      layout_basic, grunt_dithmenos_smoke_and_mirrors, zin_academy
D:5:      layout_loops_cross, led_sif_pool, minmay_temple_entry_stoned_glass
D:6:      layout_loops_ring, mainiacjoe_overflow_alcove_4, gammafunk_ghost_icy,
          hangedman_decor_riveting, water_maze_lemuel, uniq_blork_the_orc,
          uniq_maggie

Skill      XL: |  1  2  3  4  5  6 |
---------------+-------------------+-----
Staves         | 3 4 5 |  5.0
Fighting       | 2 3 |  3.0
Armour         | 1 |  1.6
Dodging        | 3 |  3.2
Evocations     | 1 |  1.7
Spellcasting   | 1 |  1.4
Earth Magic    | 1 |  1.4
Throwing       | |  1.7

Action                   |  1- 3 |  4- 6 || total
-------------------------+-------+-------++-------
Melee: Quarterstaff      |   152 |   118 ||   270
 Cast: Sandblast         |       |     2 ||     2
Evoke: Wand              |       |     3 ||     3
  Use: Scroll            |     1 |     9 ||    10
       Potion            |       |     1 ||     1
 Stab: Sleeping          |     2 |       ||     2
Armor: Leather armour    |    48 |    29 ||    77
Dodge: Dodged            |   111 |    80 ||   191
